 Dungeon Crawl Stone Soup version 0.19.0-11-g3fc08b3 (webtiles) character file.

6991 lorenzova the Fighter (level 10, -6/97 HPs)
             Began as a Minotaur Berserker on Nov 8, 2016.
             Was a High Priest of Trog.
             Mangled by an orc warrior
             ... wielding a +0 halberd
              (13 damage)
             ... on level 9 of the Dungeon.
             The game lasted 00:15:50 (8910 turns).

lorenzova the Fighter (Minotaur Berserker)          Turns: 8910, Time: 00:15:51

Health: -6/97      AC: 20    Str: 26    XL:     10   Next: 81%
Magic:  9/9        EV: 15    Int:  1    God:    Trog [*****.]
Gold:   529        SH:  3    Dex: 15    Spells: 0 memorised, 9 levels left

rFire  + . .     SeeInvis +     x - +0 mace "Biulol" {protect, rN+ Str+2 Int-3 Dex+4} (curse)
rCold  . . .     Gourm    .     K - +3 chain mail {rF+}
rNeg   + . .     Faith    .     (no shield)
rPois  .         Spirit   .     y - +1 hat
rElec  .         Reflect  +     m - +1 cloak
rCorr  .         Harm     .     (no gloves)
MR     +....                    t - +0 pair of boots
Stlth  ..........               v - +3 amulet of reflection
                                D - ring of protection from magic
                                i - ring of see invisible

@: exhausted
A: retaliatory headbutt, horns 2
a: Berserk, Trog's Hand, Brothers in Arms, Burn Spellbooks, Renounce Religion


You were on level 9 of the Dungeon.
You worshipped Trog.
Trog was extremely pleased with you.
You were not hungry.

You visited 1 branch of the dungeon, and saw 9 of its levels.

You collected 529 gold pieces.

Inventory:

Hand Weapons
 a - a +0 hand axe
 w - a +1 mace of distortion
 x - the cursed +0 mace "Biulol" (weapon) {protect, rN+ Str+2 Int-3 Dex+4}
   (You found it on level 5 of the Dungeon)

   It protects the one who uses it against injury (+AC on strike).
   It affects your strength (+2).
   It affects your intelligence (-3).
   It affects your dexterity (+4).
   It protects you from negative energy.
   It has a curse placed upon it.
Missiles
 L - 5 poisoned javelins (quivered)
Armour
 m - a +1 cloak (worn)
 n - a +0 ring mail
 t - a +0 pair of boots (worn)
 y - a +1 hat (worn)
 K - a +3 chain mail of fire resistance (worn)
Jewellery
 d - an uncursed ring of flight
 g - an uncursed ring of resist corrosion
 i - a ring of see invisible (left hand)
 r - an uncursed ring of positive energy
 s - a +2 ring of protection
 v - a +3 amulet of reflection (around neck)
 B - an uncursed ring of protection from cold
 D - a ring of protection from magic (right hand)
 E - the ring of Shadows {Umbra +Inv Stlth+}
   (You found it on level 5 of the Dungeon)

   [ring of stealth]

   It lets you turn invisible.
   It makes you more stealthy.
 F - an uncursed ring of fire
Scrolls
 e - 3 scrolls of teleportation
 p - 2 scrolls of fog
 q - 7 scrolls of remove curse
 u - 2 scrolls of magic mapping
 A - a scroll of amnesia {unknown}
 C - a scroll of identify
 H - a scroll of blinking {unknown}
 N - a scroll of fear {unknown}
Potions
 b - 3 potions of cancellation
 f - 2 potions of mutation
 h - 3 potions of haste
 j - 2 potions of curing
 k - 2 potions of might
 l - a potion of flight
 z - a potion of heal wounds
 G - a potion of berserk rage
 I - a potion of brilliance {unknown}
 O - a potion of resistance {unknown}
Books
 J - a book of Misfortune

   Spells                             Type                      Level
   a - Confusing Touch                Hexes                        1
   b - Confuse                        Hexes                        3
   c - Gell's Gravitas                Hexes/Translocation          3
   d - Petrify                        Transmutation/Earth          4
   e - Metabolic Englaciation         Hexes/Ice                    5
   f - Yara's Violent Unravelling     Hexes/Transmutation          5
   Trog disapproves of the use of such an item.
 Q - a book of Transfigurations

   Spells                             Type                      Level
   a - Irradiate                      Conjuration/Transmutation    5
   b - Statue Form                    Transmutation/Earth          6
   c - Hydra Form                     Transmutation                6
   d - Dragon Form                    Transmutation                7
   Trog disapproves of the use of such an item.
Comestibles
 c - 10 bread rations
 o - 2 meat rations
 M - 6 royal jellies


   Skills:
 + Level 11.8 Fighting
 - Level 3.6 Axes
 + Level 11.6 Armour
 + Level 10.7 Dodging


You had 9 spell levels left.
You didn't know any spells.

Dungeon Overview and Level Annotations

Branches:
Dungeon (9/15)             Temple (0/1) D:7            Lair (0/6) D:8
    Orc: D:9-12

Altars:
Ashenzari
Hepliaklqana
Makhleb
Nemelex Xobeh
Ru
Sif Muna
Xom
Zin
Beogh

Shops:
D:6 *


Innate Abilities, Weirdness & Mutations

You reflexively headbutt those who attack you in melee.
You have a pair of horns on your head.


Message History

The orc priest invokes the aid of Beogh against you.
Beogh smites you!
* * * LOW HITPOINT WARNING * * *
The orc priest closely misses you. You furiously retaliate!
You headbutt the orc priest!
The orc priest calls down the wrath of Beogh upon you.
Beogh smites you!
* * * LOW HITPOINT WARNING * * *
The orc warrior hits you but does no damage.
The phantom blinks!
The orc priest begins to cast a cantrip, but forgets the words!
The orc warrior hits you from afar with a halberd.
* * * LOW HITPOINT WARNING * * *
The orc priest calls down the wrath of Beogh upon you.
Beogh smites you!
* * * LOW HITPOINT WARNING * * *
There is an open door here.
You feel yourself speed up.
The orc warrior hits you from afar with a halberd!
You die...

#......# #.......o..##.......
#...>..######......o#### ..(....
#......#..)...).....# ######'#
#......'.####.).Wo..# ..
#..>...### ####.#### #. ##.#####
##.# #. #..####### #o.# #.
.........# ##'##### #
.........### #..@...# ########
.........'.###......# #.......
.........#..##......######.......
.........##..'......##...'.......
.........#####......'..###.......
.........# #......#### #....)..
.........# #...><.# ####'###
##'####### #......# #.... #.#
######## ####.


You could see an orc warrior.

Vanquished Creatures
  2 ugly things (D:9)
  2 gargoyles (D:9)
  A troll (D:9)
  A queen bee (D:9)
  A water moccasin (D:9)
  Purgy (D:3)
  A sky beast (D:6)
  A black bear (D:8)
  5 orc warriors
  An ice beast (D:7)
  A necrophage (D:7)
  5 ogres
  2 phantoms
  2 centaurs
  A big kobold (D:9)
  5 bullfrogs
  A gnoll sergeant (D:9)
  3 scorpions
  18 killer bees
  5 wights (D:4)
  A howler monkey (D:4)
  5 crimson imps
  2 centaur zombies
  A quasit (D:7)
  3 hounds
  2 bullfrog zombies
  3 orc priests
  Crazy Yiuf (D:5)
  4 jellies
  3 bullfrog skeletons
  Jessica (D:2)
  Natasha (thrice) (D:2)
  2 iguanas
  8 orc wizards
  10 worker ants
  A hound zombie (D:8)
  A hound skeleton (D:9)
  A howler monkey skeleton (D:6)
  11 gnolls
  14 adders
  3 shadow imps
  5 adder skeletons
  An adder zombie (D:9)
  6 worms
  A dart slug (D:2)
  2 leopard geckos
  30 orcs
  2 ball pythons
  4 giant cockroaches
  7 goblins
  6 hobgoblins
  19 jackals
  4 quokkas
  7 bats
  6 frilled lizards
  11 kobolds
  A quokka skeleton (D:5)
  14 rats
265 creatures vanquished.

Vanquished Creatures (others)
  5 dream sheep (D:8)
5 creatures vanquished.

Grand Total: 270 creatures vanquished

Notes
Turn   | Place    | Note
-------+----------+-------------------------------------------
     0 | D:1      | lorenzova the Minotaur Berserker began the quest for the Orb.
     0 | D:1      | Reached XP level 1. HP: 19/19 MP: 0/0
   219 | D:1      | Reached XP level 2. HP: 20/27 MP: 1/1
   903 | D:1      | Reached ** piety under Trog
   941 | D:2      | Reached XP level 3. HP: 33/33 MP: 2/2
  1019 | D:2      | Noticed Natasha
  1027 | D:2      | Killed Natasha
  1027 | D:2      | Reached XP level 4. HP: 29/41 MP: 3/3
  1398 | D:2      | Noticed Jessica
  1401 | D:2      | Killed Jessica
  1449 | D:2      | Noticed Natasha
  1457 | D:2      | Killed Natasha
  1457 | D:2      | Reached skill level 5 in Fighting
  1457 | D:2      | Reached XP level 5. HP: 37/48 MP: 4/4
  1528 | D:2      | Noticed Natasha
  1535 | D:2      | Killed Natasha
  1963 | D:3      | Found a faded altar of an unknown god.
  1963 | D:3      | Found a faded altar of an unknown god.
  1968 | D:3      | Found a faded altar of an unknown god.
  1970 | D:3      | Found a faded altar of an unknown god.
  1972 | D:3      | Found a burning altar of Makhleb.
  2002 | D:3      | Noticed Purgy
  2015 | D:3      | Killed Purgy
  2015 | D:3      | Reached XP level 6. HP: 34/57 MP: 5/5
  2288 | D:3      | Reached skill level 5 in Armour
  2483 | D:3      | Reached *** piety under Trog
  3127 | D:4      | Reached XP level 7. HP: 59/64 MP: 6/6
  3132 | D:4      | Reached skill level 5 in Dodging
  3951 | D:4      | Found a hazy altar of Hepliaklqana.
  4260 | D:5      | Entered Level 5 of the Dungeon
  4444 | D:5      | Found a runed door.
  4479 | D:5      | Got a steaming mace
  4480 | D:5      | Identified the cursed +0 mace "Biulol" {protect, rN+ Str+2 Int-3 Dex+4} (You found it on level 5 of the Dungeon)
  4487 | D:5      | Noticed Crazy Yiuf
  4490 | D:5      | Killed Crazy Yiuf
  4711 | D:5      | Found a large runed door.
  4711 | D:5      | Found a large runed door.
  4878 | D:5      | Found a sparkling altar of Nemelex Xobeh.
  4878 | D:5      | Found a shattered altar of Ashenzari.
  4934 | D:5      | Found a large runed door.
  4934 | D:5      | Found a large runed door.
  4996 | D:5      | Reached XP level 8. HP: 73/73 MP: 7/7
  5167 | D:5      | Reached **** piety under Trog
  5379 | D:6      | Found a glowing silver altar of Zin.
  5388 | D:6      | Found Zin's Purification Station.
  5731 | D:6      | Found a sacrificial altar of Ru.
  5989 | D:7      | Found a staircase to the Ecumenical Temple.
  6108 | D:7      | Reached XP level 9. HP: 82/82 MP: 8/8
  6387 | D:7      | Found a deep blue altar of Sif Muna.
  7027 | D:8      | Found a shimmering altar of Xom.
  7061 | D:8      | Reached ***** piety under Trog
  7446 | D:8      | Reached skill level 10 in Fighting
  7494 | D:8      | Found a roughly hewn altar of Beogh.
  7508 | D:8      | Received a gift from Trog
  7508 | D:8      | Reached skill level 10 in Armour
  7563 | D:8      | Found a staircase to the Lair.
  7776 | D:9      | Noticed a queen bee
  7800 | D:9      | Killed a queen bee
  7800 | D:9      | Reached XP level 10. HP: 52/94 MP: 9/9
  8137 | D:9      | Received a gift from Trog
  8219 | D:9      | Noticed a gargoyle
  8229 | D:9      | Killed a gargoyle
  8359 | D:9      | Noticed a purple ugly thing
  8363 | D:9      | Reached skill level 10 in Dodging
  8377 | D:9      | Killed a purple ugly thing
  8443 | D:9      | Noticed a cyan ugly thing
  8463 | D:9      | Killed a cyan ugly thing
  8727 | D:9      | Noticed a gargoyle
  8737 | D:9      | Killed a gargoyle
  8910 | D:9      | Mangled by an orc warrior

Skill      XL: |  1  2  3  4  5  6  7  8  9 10 |
---------------+-------------------------------+-----
Fighting       | 4 5 6 7 8 10 11 | 11.8
Armour         | 3 4 5 7 8 10 11 | 11.6
Dodging        | 3 4 6 7 9 10 | 10.7
Axes           | |  3.6

Action                   |  1- 3 |  4- 6 |  7- 9 | 10-12 || total
-------------------------+-------+-------+-------+-------++-------
Melee: Hand axe          |    65 |   138 |    32 |       ||   235
       Headbutt          |     8 |    26 |   114 |    47 ||   195
       Mace              |       |    11 |   359 |   163 ||   533
Invok: Burn Spellbooks   |       |       |     1 |       ||     1
       Berserk           |       |       |       |     3 ||     3
       Trog's Hand       |       |       |       |     1 ||     1
  Use: Scroll            |       |       |    12 |       ||    12
       Potion            |       |       |       |     2 ||     2
 Stab: Paralysed         |       |       |     1 |       ||     1
  Eat: Chunk             |       |     7 |     7 |     5 ||    19
       Fruit             |       |       |     2 |       ||     2
       Meat ration       |       |       |     1 |       ||     1
       Royal jelly       |       |       |     1 |     1 ||     2
Armor: Animal skin       |     5 |       |       |       ||     5
       Ring mail         |     5 |    68 |    81 |       ||   154
       Chain mail        |       |       |   107 |   108 ||   215
Dodge: Dodged            |    33 |   105 |   337 |   145 ||   620
Block: Other             |       |       |    43 |    26 ||    69
